[Event "44th Chess Olympiad Open 2022"]
[Site "Chennai"]
[Date "2022.08.03"]
[Round "6.20"]
[White "Mastrovasilis, Dimitrios"]
[Black "Dardha, Daniel"]
[Result "1-0"]
[WhiteElo "2599"]
[BlackElo "2575"]
[Annotator "TA"]
[PlyCount "159"]
[EventDate "2022.??.??"]
[TimeControl "60"]

1. e4 c5 2. Nf3 Nc6 3. d4 cxd4 4. Nxd4 Nf6 5. Nc3 e5 6. Ndb5 d6 7. Bg5 a6 8. Na3 b5 9. Nd5 Be7 10. Bxf6 Bxf6 11. c4 b4 {[%emt 0:01:12] B33: Sicilian: Pelikan and
Sveshnikov Variations.} 12. Nc2 O-O {[%emt 0:02:32] now
scores much better than the old 12...a5.} 13. g3 Be6 {[%emt 0:
00:00] The position is equal.} 14. Bg2 Bg5 {[%emt 0:02:26] is
the legacy move (14...Bxd5).} 15. O-O a5 16.
Qd3 Ne7 17. h4 Bh6 18. Nde3 $5 {[%emt 0:01:46] Exploring less charted territory.} Bxe3 19. Nxe3 Qc7 20. Rad1 {
[%emt 0:12:37] [#]} Rad8 $146 ({Predecessor:} 20... Rfd8 21.
Rd2 Rac8 22. b3 Qc5 23. Nf5 Rc7 24. Qf3 Kf8 25. Rfd1 Rcd7 26. Bh3 Ng8 {1-0 (52)
Heberla,B (2563)-Lagunow,R (2411) Gorzow Wielkopolski 2018}) 21. Rd2 Qc5 22. b3 g6 23.
Kh2 Kg7 24. Rfd1 Ng8 25. Qe2 Nf6 26. Rd3 Rd7 27. R1d2 (27. f4 $1 $16 ) 27... h5 28. f3 (28. f4
$5 ) 28... a4 29. Bh3 axb3 30. axb3 Ra8 31. Nc2 (31. Bxe6 $14 fxe6 32. Nd1) 31... Ra2 ({
Black should play} 31... Bxh3 $11 32. Kxh3 Ra2) 32. Bxe6 $14 fxe6 {[%emt 0:00:14] [#]} 33. Nd4 $1 Rxd2 34.
Nxe6+ Kf7 35. Ng5+ Ke7 36. Qxd2 Ra7 37. Nh3 Ra1 38. Qh6 Ra2+ 39. Rd2 {[%emt 0:02:44] Chess con chili.} (39. Kh1 $1 $16 Ra1+ 40. Kg2
Ra2+ 41. Kh1 Ra1+ 42. Kg2 Ra2+ 43. Kf1 Ra1+ 44. Kg2) 39... Rxd2+ $11 40. Qxd2 {[%emt 0:00:03] Endgame Hoping for Qh6. KQN-KQN} Qa5 $1 41. Kg2 (41. Nf2 $5 ) 41... Qa3 42. Qe3 {[%emt 0:00:00] White wants to play c5.} Qb2+ 43. Nf2 {[%emt 0:00:00] Threatening c5.} Nd7 {[%emt 0:00:00]
Inhibits c5.} (43... Qc2 $11) 44. Qg5+ $1 $18 Kf7 45. Qd8 Nc5 46. Qxd6 Qd4 47. Qd5+ Qxd5 $2 (47...
Kf8 48. Qc6 Kf7 49. Qc7+ Kg8) 48. cxd5 {[%emt 0:00:00] KN-KN} ({Less strong is
} 48. exd5 Ke7 49. Kf1 Nxb3 $18) 48... Ke7 49. Kf1 $2 (49. g4 $18 {and White stays clearly on top.}) 49... Kd6 50. Ke1 {[%emt 0:00:00] aiming for f4.} Nxb3 51. Nd3 Nd4 52. Nxb4 Nxf3+ 53. Ke2 Nd4+ 54. Ke3 Nb5 $2 (54... Nb3 $16 {is tougher.} 55. Nc6
Nc5) 55. Kd3 $2 (55. Nc6 $1 $18 {Threatens to win with Kd3.}
Nc3 56. Na5 Nd1+ 57. Kf3) 55... Nd4 $16 56. Nc2 Nb3 57. Ne1 Nc5+ 58.
Ke3 Nd7 59. Nf3 Nc5 60. Ng5 {[%emt 0:00:33] Nf7+ is the strong threat.} Ke7 {
[%emt 0:01:21] Prevents Nf7.} 61. Kd2 Nb7 $2 (61... Kd6 $16 {was necessary.} 62. Kc3 Nd7) 62. Kd3 $1 $18 Nd6 (62... Na5 $142 63. Nf3 Kd6) 63. Nf3 Kf6 64. Ng5 $2 (64. Nd2 $1 $18 {and the rest is
easy. Black must now prevent Nc4.} g5 65. Nc4 gxh4 66. gxh4 (66. Nxd6 $2 h3 $19
)) 64... Ke7 $16 65. Kc3 Nb5+ 66. Kb4 Nd6 67. Kc5 {[%emt 0:01:31] And
now Kc6 would win.} Kd7 68. Kb6 $1 Nc4+ 69. Kb7 (69. Ka6 $16) 69... Nd6+ $2 (69... Nd2 $1 $11 {and Black is okay.}) 70. Kb8 $1 $18 Nc4 (70... Kd8 $142 71. Ne6+ Ke7) 71. Nf7 $1 Ke7 {[%emt 0:02:14] [#]} 72. Kc7 $1 {[%emt 0:01:01] White mates.} Kxf7 {
[%emt 0:00:10] KN-KP} (72... Na3 73. Nxe5) 73. d6 Na3 74. d7 Nb5+ 75. Kb6 Ke7 76. Kxb5 Kxd7 77. Kc5 Ke6 {[%emt 0:00:00] [#]} 78. Kc6 $1 Kf6 79. Kd6 g5 80. Kd5 {
[%emt 0:00:34] Weighted Error Value: White=0.32/Black=0.35} ({And not} 80.
hxg5+ Kxg5 81. Kxe5 Kg4 $11) 1-0

[Event "44th Chess Olympiad Open 2022"]
[Site "Chennai"]
[Date "2022.08.03"]
[Round "6.20"]
[White "Banikas, Hristos"]
[Black "Maerevoet, Sim"]
[Result "1-0"]
[WhiteElo "2598"]
[BlackElo "2409"]
[Annotator "TA"]
[PlyCount "127"]
[EventDate "2022.??.??"]
[TimeControl "60"]

1. c4 e5 2. Nc3 Nf6 3. Nf3 e4 4. Ng5 c6 5. d3 d5 {
[%emt 0:12:24] [#]} (5... exd3 $11 6. e4 (6. Qxd3 Na6 $11) (6. exd3 d5 $11)
6... Bb4) 6. dxe4 $146 {[%emt 0:00:32] A22: English Opening: 1...e5 2 Nc3 Nf6.}
({White should try} 6. cxd5 $14 exd3 7. dxc6 (7. Qxd3 cxd5 8. Bf4 Nc6 $11) 7...
Nxc6 8. exd3 (8. Qxd3 Qxd3 9. exd3 Nb4 $11)) ({Predecessor:} 6. cxd5 cxd5 7.
dxe4 d4 8. Qb3 Qd7 9. Nd5 Nxd5 10. exd5 Na6 11. Bd2 Be7 12. g3 {1-0 (67)
Adamski,J (2229)-Arndt,S (2166) Germany 2017}) 6... h6 $11 7.
e5 {[%emt 0:04:00] And now Nxf7 would win.} hxg5 8. exf6 {
[%emt 0:00:05] The position is equal.} d4 9. fxg7 Bxg7 10. Ne4 Bf5 $1 11.
Ng3 ({Wrong is} 11. Bxg5 $2 f6 12. Bf4 (12. Ng3 $2 fxg5 13.
Nxf5 Qa5+ 14. Qd2 Qxf5 $19) 12... Bxe4 $19) 11... Bg6 12. e4 (12. e3 $1 {is superior.}) 12... dxe3 (12...
Nd7 $142) 13. Qxd8+ Kxd8 14. Bxe3 Bxb2 15. Rd1+ (15. Bxg5+ {feels
hotter.} Kc8 16. Rd1 Bc2 17. h4) 15... Kc8 16. Bd3 {[%emt 0:
00:00] Against Bc2} Bxd3 17. Rxd3 f6 $1 18. Nf5 {[%emt 0:29:34] Threatening 0-0.} Nd7 19. Ke2 Ne5 20. Rb3 {[%emt 0:
00:00] aiming for Nd6+.} Nxc4 21. Rb1 Rxh2 22. Rb4 Nxe3 23. fxe3 Be5 24. Rxb7 {[%emt 0:00:13][%cal Yb4b7,Yb7c7,
Yc7c6,Yc6a6] White wants to mate with Ne7+.} Bc7 $1 (24...
Rxg2+ $2 25. Kf3 Rd2 26. Ne7+ Kd8 27. Nxc6+ Kc8 28. Rf7 $18) 25. Ne7+ Kd7 26. Rd1+ Kxe7 27. Rxc7+ {[%emt 0:00:02] Endgame KRR-KRR} Ke6 28. Rxc6+ Kf7 29. Kf3 Re8 30. Rd7+ Re7 $2 (30... Kg6 $1 $14) 31.
Rxe7+ $18 Kxe7 {[%emt 0:00:04] KR-KR} 32. Ra6 $2 (32. Rc7+ $18 Ke6 33. Rxa7) 32... Rh4 $2 (32... f5 $11)
33. g4 (33. Rxa7+ Kd6 $16) 33... Kf7 34.
Rxa7+ Ke6 35. Ra4 $2 (35.
Ra8 $18) 35... Ke5 $2 (35... Rh3+ $1 $11 {and Black has
nothing to worry.} 36. Kf2 Rh4) 36. Re4+ $2 (36. Ra5+ $18 Ke6
37. a4) 36... Kd5 $1 $11 37. Rd4+ Ke5 38. a4 Rh2 39. Rb4 {[%emt 0:
00:30] Rb5+ is the strong threat.} Ra2 $2 (39... Rh3+ $11 40.
Ke2 Rh2+ 41. Kd3 Ra2) 40. Rb5+ $18 Ke6 41. a5 (41. Rb6+ $18 Ke5 42. Rb5+ Kd6 43. Rf5) 41... Ra1 $11 42. Rb6+ Ke5 43. Ra6 Rf1+ 44. Kg2 Ra1 45. Kf2 f5 46. gxf5 Kxf5 47. Ra8 Kg4 48. a6 {
[%emt 0:00:00][%cal Ya5a6,Ya6a7] Hoping for a7.} Ra2+ 49. Ke1
{[%emt 0:00:00] Strongly threatening a7.} Kg3 $2 {[%emt 0:00:00] White leaves
nothing to chance now.} (49... Kf3 $11) 50. a7 $18 g4 51. e4 $1 Kg2 52. e5 g3 {[%emt 0:00:00] [#]} 53. Kd1 $1 ({Inferior
is} 53. e6 Ra6 54. Kd2 Rd6+ 55. Ke3 Rxe6+ 56. Kd4 Ra6 $11) 53... Ra6 54. Ke2 $2 (54. Kd2 $18 Kg1 55. e6 Rd6+ 56. Kc3 Rxe6
57. Rg8) 54... Ra3 $2 {[%emt 0:00:00] [#]} (54... Ra5 $11) 55. Kd2 $1 {[%emt 0:
00:00] White is clearly winning.} ({Not} 55. e6 Ra6 $11) 55... Ra6 56. Ke3 Ra4 57. Kd3 Ra6 58. Kc4 Rc6+ 59. Kd5 Rc7 60. e6 Rh7 61. Kd6 Kh2 62. e7 Rh6+ 63. Kd7 g2 64. Rg8 {[%emt 0:00:00] Weighted Error Value: White=0.38/ Black=0.45} 1-0

[Event "44th Chess Olympiad Open 2022"]
[Site "Chennai"]
[Date "2022.08.03"]
[Round "6.20"]
[White "Docx, Stefan"]
[Black "Mastrovasilis, Athanasios"]
[Result "0-1"]
[WhiteElo "2434"]
[BlackElo "2527"]
[Annotator "TA"]
[PlyCount "176"]
[EventDate "2022.??.??"]
[TimeControl "60"]

1. e4 e5 2. Nf3 Nc6 3. Bc4 Nf6 4. Ng5 d5 5. exd5 Na5 6. Bb5+ c6 7. dxc6 bxc6 8. Bd3 Nd5 {[%emt 0:01:08] C58: Two Knights: 4 Ng5 d5 5 exd5 Na5 sidelines.}
9. Nf3 (9. Qh5 g6 10. Nxf7 gxh5 $17) 9... Bd6 10. O-O Nf4 {[%emt 0:04:20] The position is equal.} 11. Nc3 {
[%emt 0:00:56] seems to push 11.Re1 aside.} Nxd3 12. cxd3 O-O 13. Ne4 c5 14. b3 Nc6 15. Ba3 {[%emt 0:01:20] [#]}
Bg4 $1 $146 {[%emt 0:03:11] An important novelty.} ({Predecessor:} 15... Nb4
16. Bxb4 cxb4 17. Re1 Bb8 18. Ng3 Qxd3 19. Nxe5 Bxe5 20. Rxe5 Be6 21. Re3 Qd4 {
½-½ (43) Aronian,L (2765)-Ding,L (2805) Saint Louis 2019}) 16. h3 (16. Bxc5 Bxc5 17. Rc1 (17. Nxc5 $2 Nd4 $19) 17... f5 $17) 16... Bxf3 17. Qxf3 (17. gxf3 f5 18. Nxd6 Qxd6 $17) 17...
Nd4 18. Qd1 f5 19. Nxd6 Qxd6 20. Rc1 Rac8 21. Bb2 Nc6 22. a3 {[%emt 0:10:40] Against Nb4} Qd5 23. Qc2 Na5 24. Rfe1 Rfe8 25.
b4 Nb3 26. Qc4 Qxc4 27. Rxc4 cxb4 28. Rxc8 ({But not} 28. Rxe5 $6 Nxd2 29. Rxc8 (29. Rxb4 Rxe5 30. Bxe5
Rc1+ 31. Kh2 Nf1+ 32. Kh1 Nd2+ 33. Kh2 Nf1+ 34. Kh1 Nd2+ 35. Kh2 $11) 29...
Rxc8 30. axb4 Rc2 $11) 28... Rxc8 29. axb4 $16 {[%emt 0:00:00]
Endgame KRB-KRN} Rc2 30. Bxe5 Rxd2 31. Bf4 Rxd3 32. Re7 Nd4 33. Kh2 Nc6 34. Rc7 (34. Rb7 $1 $16) 34... Nxb4 $11 35. Be5 g6 36. Rg7+ Kf8 37. Rxh7 Nc6 38. Bf4 a5 39. Rc7 Rc3 40. Bh6+ Ke8 41. Rg7 a4 42. Rxg6 a3 {[%emt 0:08:00] [#]} (42... Kf7 $11 43. Rg7+
Ke6) 43. Rg8+ $1 $16 ({Much weaker is} 43. Bg7 Rc5 $15) 43...
Kf7 {[%emt 0:00:31] [#]} 44. Ra8 Rc2 45. Rxa3
{[%emt 0:00:00] aiming for Kg3.} Rxf2 46. Rg3 Re2 47. Rg7+ Kf6 48. Rc7 Ne5 (48... Nd8 $14) 49. Kg3 (
49. Rc3 $16) 49... Nd3 $11 50. Rc6+ Kf7 51. Rd6 f4+ $1 52.
Kf3 Rf2+ 53. Ke4 Nc5+ 54. Kf5 Rxg2 55. Bxf4 Rf2 56. Kg4 Ne4 57. Ra6 Nf6+ 58. Kg5 Ne4+ 59. Kf5 Ng3+ 60. Kg4 Ne4 61. Be3 Nf6+ 62. Kg5 Ne4+ 63. Kh4 Rf3 64. Bd4 Rf4+ 65. Kh5 Ng3+ {[%emt 0:00:33] Discovered Attack} 66. Kg5 Rxd4 $15 {[%emt 0:00:09] KRN-KR} 67. Ra7+ Ke6 68. Ra6+ Ke5 69. Ra5+ $1 Ke4 70. h4 Rd8 71. Kg4 Nf1 72. h5 Rg8+ 73. Kh4 Ng3 74. h6 Nf5+ 75. Kh5 Rh8 76. Ra6 Kf4 77. Ra4+ Ke5 78. Ra6 Ne7 79. Kg5 Rg8+ 80. Kh5 Kf5 81. Ra5+ Kf6 82. h7 Rh8 83. Ra6+ Kf7 84. Kh6 Ng8+ $1 85. Kg5 Rxh7 86.
Ra7+ Ne7 87. Rb7 Ke6 88. Kf4 $2 (88. Kg4 $15) 88... Nd5+ {[%emt 0:
00:05] Weighted Error Value: White=0.08 (flawless) /Black=0.08 (flawless)} 0-1

[Event "44th Chess Olympiad Open 2022"]
[Site "Chennai"]
[Date "2022.08.03"]
[Round "6.20"]
[White "Hovhannisyan, Mher"]
[Black "Ioannidis, Evgenios"]
[Result "0-1"]
[WhiteElo "2420"]
[BlackElo "2459"]
[Annotator "TA"]
[PlyCount "113"]
[EventDate "2022.??.??"]
[TimeControl "60"]

1. Nf3 Nf6 2. c4 e6 3. e3 d5 4. d4 a6 5. a3 dxc4 6. Bxc4 {[%emt 0:
00:00] D30: Queen's Gambit Declined: Systems without Nc3.} Nbd7 7. O-O Bd6 8. Nc3 {[%emt 0:04:02] White is
slightly better.} b5 9. Ba2 Bb7 {[%emt 0:00:
00] Prevents e4.} 10. Re1 c5 {[%emt 0:07:57] [#]} 11. e4 $146 ({Predecessor:} 11. d5 Nxd5 12. Nxd5 exd5 13. Bxd5 Bxd5 14.
Qxd5 Be7 15. a4 bxa4 16. Rd1 Qc8 17. Qe4 Nb6 {1-0 (33) Banikas,H (2566)
-Kapnisis,S (2427) Kalamata 2005}) 11... cxd4 12. Nxd4 (12. Qxd4 {seems wilder.} Bc5 13. Qd3 Ng4 14. Rf1) 12... Qb8 13. h3 O-O 14.
Bg5 h6 (14... Rd8 $5 ) 15. Bxf6 (15. Be3 $1 $11 {keeps the balance.}) 15... Nxf6 $17 (15... gxf6 $2 {[#]} 16. Nxe6 $1 fxe6 17. Bxe6+ Kh8 18. Qh5 Bh2+ 19.
Kh1 $18) 16. Qe2 {[%emt 0:01:45] Strongly threatening e5.} Bh2+ {[%emt 0:01:51]
A strong pair of Bishops.} 17. Kh1 (17. Kf1 $17) 17... Be5 $19 18. Qe3 Qa7 19. Rad1 Rfd8 20. Nce2 Nxe4 (20... Bxe4 21. f3 Bxd4 22. Rxd4 Rxd4
23. Qxd4 Qxd4 24. Nxd4 $17) 21. Bb1 Bxd4 {[%emt 0:01:43]
Black is more active.} 22. Rxd4 Rxd4 23. Nxd4 Nf6 $36 {[%emt 0:00:40] Keeping White busy.} 24. Nb3 Bd5 25. Nc5 a5 26.
b4 (26. Bd3 $17 {was worth a try.}) 26... axb4 27. axb4 Qa3 28. Qxa3 Rxa3 29. Bd3 {[%emt 0:00:29] [#]} Nd7 $1 30. Be4 (30. Nxd7 Rxd3) 30... Nxc5 31. bxc5 Rc3 32. Bxd5 exd5 {[%emt 0:00:05]
[%cal Ye6d5,Yd5d4,Yd4d3] Endgame KR-KR} 33. Re8+ Kh7 34. Rc8 d4 35. Rd8 (
35. g3 {was called for.}) 35... d3 {[%emt 0:00:13] White must now prevent ...
b4.} ({Not} 35... Rxc5 36. Rxd4 Kg6 37. Kg1 $17) 36. c6 b4 ({Stronger than} 36... Rxc6 37. Rxd3 b4 38. g3 $17) 37. c7 Rxc7 38. Rxd3 Rb7 {[%emt 0:
00:14] Threatens to win with ... b3.} 39. Rb3 Kg6 40. Kg1 Kf5 41. Kf1 Ke4 42. Ke2 Kd4 {[%emt 0:00:05] And now ...Kc4
would win.} 43. Kd2 Kc4 44. Rg3 (44. Rf3 $142) 44... f5 45. Rf3 Rf7 46. h4 (46. Re3 $142 f4 47. Re4+ Kb3 48. Kc1)
46... g5 47. hxg5 hxg5 {[%emt 0:00:00][%cal
Yh6g5,Yg5g4] ...f4 is the strong threat.} 48. Rg3 g4 49. Rd3 {[%emt 0:01:17] Against Rd7} Ra7 {[%emt 0:00:00] ( -> ...Ra2+)}
50. Rd8 Ra2+ 51. Ke3 Ra5 {
[%emt 0:00:00] Hoping for ...b3.} 52. Rd4+ Kc3 {[%emt 0:00:00]
Black mates.} 53. Rd3+ Kc2 54. Rd2+ Kc1 55. Rd8 b3 56.
Rc8+ Kb1 57. Kd4 {[%emt 0:00:19] Weighted
Error Value: White=0.57/Black=0.03 (flawless)} 0-1

[Event "44th Chess Olympiad Open 2022"]
[Site "Chennai"]
[Date "2022.08.03"]
[Round "6.21"]
[White "Fier, Alexandr"]
[Black "Sanchez, Sebastian Felipe"]
[Result "1/2-1/2"]
[WhiteElo "2567"]
[BlackElo "2440"]
[Annotator "TA"]
[PlyCount "149"]
[EventDate "2022.??.??"]
[TimeControl "60"]

1. e4 c5 2. Nf3 e6 3. d4 cxd4 4. Nxd4 Nc6 5. Nc3 Qc7 6. Be3 a6 7. Qd2
{[%emt 0:00:04] 7.g4 is more fashionable.} Nf6 8. O-O-O Be7 {[%emt 0:03:45] B48: Sicilian: Taimanov: 5 Nc3 Qc7 6 Be3
a6 without Be2.} 9. f3 b5 10. g4 {[%emt 0:00:
00][%cal Yg2g4,Yg4g5] 10.Kb1 is not played anymore.} Bb7 11.
g5 Nh5 12. Nce2 {[%emt 0:09:14][%cal Ye2g3] 
[#]} d5 $146 ({Predecessor:} 12... Ne5 13. Ng3 Nxg3 14. hxg3
Nc4 15. Bxc4 Qxc4 16. Kb1 Rc8 17. Rh2 b4 18. Nf5 exf5 19. Qxd7+ {1-0 (50)
Okike,D (2177)-Efremov,V (2158) Chess.com INT 2021}) 13. Nxc6 Bxc6 14. e5 (14. exd5 Bxd5 15. Bg2 O-O-O $15)
14... Qxe5 15. Nd4 ({Better is} 15. Bh3 $1
$16 ) 15... Qc7 $11 16. f4 {[%emt 0:00:08]
Hoping for Be2.} Bd6 17. Nxc6 Qxc6 18. Be2 g6 19. Qd4 {[%emt 0:10:08]
Inhibits Ng7.} (19. Bxh5 $11 gxh5 20. Kb1) 19... O-O $17 20.
Bxh5 gxh5 21. Kb1 Rac8 22. Qd2 Bc5 23. Bxc5 Qxc5 24. Rhf1 Rc6 25. f5 Rfc8 26. Rc1 e5 27. Qe2 e4 28. f6 Re8 29. Rf4 e3 $36 {[%emt 0:04:37] aiming for ...d4. Black
is pushing.} 30. Rd1 {[%emt 0:08:23] Inhibits d4.} (30. Rh4 $1 $11 Re4 31. Rxe4
dxe4 32. h4) 30... d4 31. Rfxd4 Qxg5 32. Re4 Rcc8 33.
h4 {[%emt 0:03:14] [#]} Qxf6 (33... Qg3 $1 $17 34. Rxe8+ Rxe8
35. Qxh5 h6) 34. Rxe3 (34. Qxe3 $11 Rxe4 35. Qxe4) 34... Rxe3 35. Qxe3 {[%emt 0:00:03] [#]} Qxh4 {[%emt 0:01:11] Endgame
KQR-KQR} (35... Rc4 $1 $17 36. Qg1+ Kf8) 36. Qb6 (36. Rf1 $11)
36... Re8 37. Qxa6 (37. Rg1+ Kh8 38. Qa5 Qf6
$17) 37... Qd4 38. Rc1 {[%emt 0:00:15] Against Re1} ({White
should play} 38. Rf1 $1 $11) 38... Re5 39. a3 Kg7 40. Rf1 {[%emt 0:00:00] Qf6+ would kill now.} Rg5 41. Qb7 Qd5 42. Qe7 Rg6 {[%emt 0:02:14] Inhibits Qf6+.} 43. b3 h6 44. Qh4 Qe5 45. Qd8 Rg5 46. Qd7 Qe6 47.
Qd4+ Qe5 48. Qd7 Qe6 (48... Qd5 $5 49. Qe7 Qe6 $15) 49. Qd4+ f6 50. Qb4 Re5 51. Rg1+ Kf7 52. Kb2 Qd5 53. Qf4 Re2 54. Qc7+ Re7 55. Qc3 Qe5 56. Rh1 Kg6 {[%emt 0:00:00] White should
prevent ...f5.} 57. Rg1+ Kf5 58. Rf1+ Kg5 59. Rg1+ Kf5 60. Rf1+ Kg6 {[%emt 0:00:04] ...h4 is the strong threat.}
61. Rg1+ Kf7 62. Rh1 Re6 63. Qxe5 {[%emt 0:00:00] The position is equal.} Rxe5 $11 {
[%emt 0:00:04] KR-KR} 64. Kc3 Ke6 65. Kb4 Kd6 66. c4 bxc4 67. bxc4 Rg5 68. a4 Kc6 69. a5 f5 70. Rh4 Rg6 71. Rxh5 Rf6 72.
Kc3 Kc5 73. Kd3 Rd6+ 74. Ke3 Kxc4 75. Rxf5 {
[%emt 0:00:06] Weighted Error Value: White=0.16 (very precise) / Black=0.14 
(very precise)} 1/2-1/2

[Event "44th Chess Olympiad Open 2022"]
[Site "Chennai"]
[Date "2022.08.03"]
[Round "6.21"]
[White "Diamant, Andre"]
[Black "Arenas, David"]
[Result "1/2-1/2"]
[WhiteElo "2538"]
[BlackElo "2426"]
[Annotator "TA"]
[PlyCount "55"]
[EventDate "2022.??.??"]
[TimeControl "60"]

1. c4 c5 2. Nf3 Nc6 3. Nc3 g6 4. e3 Nf6 5. d4 cxd4 6. exd4 d5 7. cxd5 Nxd5 8. Qb3 e6 9. Bb5 Bg7 10. O-O {[%emt 0:02:01] A35:
Symmetrical English: 2 Nc3 Nc6 3 Nf3.} O-O 11. Bxc6 bxc6 12. Na4 {[%emt 0:05:19] 12.Re1 might become the
main line.} Qd6 13. Bd2 Rb8 14. Qc2 Nb4 15. Bxb4 {[%emt 0:00:50] [#]} (15. Qc5 Qxc5 16. Nxc5 Nc2 $15) 15... Qxb4 $146 ({Predecessor:} 15... Rxb4 16. a3 Rb5 17. Rfd1 Rd8 18. h3 Rf5
19. Ne5 Bd7 20. Nc5 Be8 21. Nb7 Qd5 22. Nxd8 Qxd8 23. Nxc6 {1-0 (37)
Pantsulaia,L (2553)-Vestby Ellingsen,M (2361) Chess.com INT 2020}) 16. Ne5 {
[%emt 0:15:33] Pair of Knights!} Rb5 (16... Qxd4 17. Nxc6 Qf4
18. Nxb8 Qxb8 19. Qb3 $16) 17. Rfd1 ({Reject} 17. Nxc6 Qd6 18.
Rad1 Bb7 $17) 17... Bxe5 18. dxe5 Rxe5 19. a3 Qb5 {[%emt 0:12:17] [#] aiming for ...
Re2. The position is equal.} 20. Rac1 Re2 21.
Qxc6 ({Of course not} 21. Qc4 Qxc4 22. Rxc4 Ba6 23. Rxc6 Bb5
$15) 21... Bd7 22. Qf3 {[%emt 0:01:40] Threatens to win with
Nc3.} ({Worse is} 22. Qxd7 {[#]} Re1+ $3 23. Rxe1 Qxd7 $19) 22... Re5 23. Nc3 Qxb2 24. Rb1 Qc2 25. Rbc1 $1 Qb2 26. Rb1 Qc2 27. Rbc1 Qb2 {[%emt 0:00:23][%cal Yf8c8] And
now ...Rc8! would win.} 28. Rb1 {[%emt 0:00:38] A balanced but interesting
game. Weighted Error Value: White=0.03 (flawless) /Black=0.03 (flawless)}
1/2-1/2

[Event "44th Chess Olympiad Open 2022"]
[Site "Chennai"]
[Date "2022.08.03"]
[Round "6.21"]
[White "Cardoso Cardoso, Jose Gabriel"]
[Black "Supi, Luis Paulo"]
[Result "1/2-1/2"]
[WhiteElo "2493"]
[BlackElo "2603"]
[Annotator "TA"]
[PlyCount "105"]
[EventDate "2022.??.??"]
[TimeControl "60"]

1. e4 c5 2. Nf3 d6 3. d4 cxd4 4. Nxd4 Nf6 5. Nc3 a6 6. Bg5 Nbd7 7.
Qe2 {[%emt 0:00:27] 7.Qe2 is a critical line. B94: Sicilian Najdorf: 6 Bg5
Nbd7.} h6 8. Bh4 g6 9. f4 e5 10. fxe5 dxe5 {[%emt 0:00:
00] [#]} 11. O-O-O $1 Bg7 (11... exd4 12. e5
Bc5 13. exf6+ Kf8 14. Ne4 $18) (11... Qc7 12. Nb3) 12. Nb3 O-O 13. Nd5 g5 {[%emt 0:02:29] [#]} 14. Be1 $146
{[%emt 0:06:55] Black must now prevent Ba5.} ({Predecessor:} 14. Bf2 Nxd5 15.
Rxd5 Qf6 16. Qd2 Qc6 17. h4 Nf6 18. Bd3 Nxd5 19. exd5 Qf6 20. hxg5 hxg5 21.
Bh7+ Kh8 22. Be3 Bh6 23. Nc5 Qg7 24. Be4 Rg8 25. Bxg5 {1-0 (25) Vasiesiu,V 
(2254)-Agdelen,H (2351) Sochi 2016}) 14... Nxd5 15. Rxd5 Qc7 16. g3 b6 17. Bc3 Bb7 18. Rd1 Nf6 19. Bg2 a5 20. a3 $1 Ba6 21. Qf3 Bc4 22. h4 (22. Qf5 $15 Rfe8 23. Kb1) 22... g4 $36 {[%emt 0:
00:00] Black is in control.} 23. Qf5 Rfe8 {[%emt 0:00:00] And
now ...b5 would win.} 24. Nd2 Ba6 25. Nb3 Bc8 26. Qf2 Be6 $1 27. Kb1 Rec8 $1 28. a4 $2 (28. Rhe1 $1 $15) 28... Qb8 29. Rhe1 {[%emt 0:05:30] [#]} Rc4 ({Black
should try} 29... Rxc3 $1 30. bxc3 b5 31. axb5 Qxb5) 30. Rd5 Rxc3 $19 (30... Nxd5 31. exd5 Bd7 32. d6 Rxc3 33. bxc3 $15)
31. bxc3 Qc7 (31... Bxd5 $19 32. exd5 Qd6)
32. Rb5 $17 Rb8 33. Qe3 $1 Ne8 34. Bf1 Nd6 35. Rd1 Nxb5 (35... Rc8 {looks sharper.}
36. Kb2 Nxb5 37. Bxb5 Bf8) 36. Bxb5 Bf8 37.
Rd3 Rd8 38. Nd2 Kg7 39. Nc4 Bc5 ({Don't play} 39... Bxc4 $6 40. Bxc4 Rd6 41. Rxd6 Qxd6 42. Qe2
$11) (39... Rc8 $17 40. Nd2 (40. Nxb6 $2 Bc5 $19) 40... Qb7) 40. Qd2 Be7 {[%emt 0:00:57] This bishop pair is nice.} 41. Ne3 Rd6 42. Bc4 {[%emt 0:00:00] Threatens to win with Bxe6.} Bd7 43. Bb3 ({Much worse is} 43. Qf2 Rf6 44. Qe2
h5 $15) 43... Qc5 (43... Rxd3 $11 44. cxd3 Qc5) 44. Qf2 $14 Rf6 45. Qe2 Rd6 46. Qf1 (46. Rxd6 $1 $14 Qxd6 47. Nxg4) 46... Rf6 $11 47. Qd1 Rd6 48. Qf1 Rf6 49. Qe2 Rd6 50.
Qf2 Rf6 51. Qe2 Rd6 52. Qf2 Rf6 53. Qe2 {[%emt 0:
00:45] Black had all chances to win. Weighted Error Value: White=0.19 (very
precise) /Black=0.12 (very precise)} 1/2-1/2

[Event "44th Chess Olympiad Open 2022"]
[Site "Chennai"]
[Date "2022.08.03"]
[Round "6.21"]
[White "Valderrama Quiceno, Esteban Alb"]
[Black "Mekhitarian, Krikor Sevag"]
[Result "0-1"]
[WhiteElo "2436"]
[BlackElo "2542"]
[Annotator "TA"]
[PlyCount "80"]
[EventDate "2022.??.??"]
[TimeControl "60"]

1. Nf3 d5 2.
g3 Bg4 3. Bg2 Nd7 4. O-O e6 5. d4 Ngf6 6. c4 c6 7. Nc3 dxc4 {[%emt 0:12:13] D11: Slav Defence: 3 Nf3 sidelines and 3...Nf6 4 e3
Bg4.} 8. a4 a5 9. e4 e5 {
[%emt 0:03:23] Black is slightly better.} 10. Be3 Bd6 {
[%emt 0:06:33] [#]} (10... exd4 $15 11. Bxd4 Nc5) 11. Qe2 $146 ({Predecessor:} 11. h3 Bxf3 12. Qxf3 O-O 13. Rad1 Qe7 14. Qe2 exd4 15. Bxd4 Bc5
16. Qxc4 Bxd4 17. Qxd4 {1-0 (38) Matnadze,A (2412)-Gonzalez Garcia,M (2139)
Barcelona 2020}) 11... exd4 12. Bxd4 {[%emt 0:00:59] [#]} Ne5
$1 13. h3 (13. Qe3 Bxf3) 13... Bxf3 ({Don't play} 13... Nxf3+ $6 14. Bxf3 Bb4 15. Rfd1 Bxh3 16. Na2 $11)
14. Bxf3 Qe7 15. Bg2 O-O 16. Kh1 Nd3 17. f4 Bc5 18. Bxf6 Qxf6 (
18... gxf6 $17 19. Rab1 Rad8) 19. e5 $15 Qe7 20. Ne4 Rad8 $36 {[%emt 0:02:51] Black is more active.} 21.
Rad1 {[%emt 0:04:08] Black converts the advantage convincingly.} (21. b3 $1 $15
) 21... f5 22. exf6 gxf6 23.
Qc2 Rd4 24. Nc3 (24. b3 $17)
24... Rfd8 $19 25. Kh2 Kg7 26. Qb1 Bb4 27. Rd2 f5 28. Re2 Qf6 29. Nd1 R4d7 30. Qc2 b5 31.
Ne3 Bc5 {[%emt 0:00:42] Strongly threatening ...Bxe3.} 32.
Nxc4 {[%emt 0:01:54] [#] And now Ne5 would win.} Nb4 33. Qc1 {
[%emt 0:00:04] Hoping for Ne5.} bxc4 34. Qxc4 Re7 35. Rfe1 Rxe2 36. Rxe2 Qd4 37. Qc1 {[%emt 0:00:
11] Prevents Qg1+.} Qd1 38. Qxc5 (38. Qxd1
Rxd1 39. h4) 38... Qxe2 {[%emt 0:00:05] Active counter play! Black is clearly
winning.} 39. Qxf5 Rd5 40. Qc8 Rd2 {[%emt 0:00:27] Weighted Error Value: White=0.49/Black=0.08 (flawless)
} 0-1